 Dungeon Crawl Stone Soup version 0.20-a0-870-g4070442 (webtiles) character file.

234 4thArraOfDagon the Insei (level 5, -1/41 HPs)
             Began as a Demonspawn Chaos Knight on Mar 13, 2017.
             Slain by a wyvern (13 damage)
             ... on level 5 of the Dungeon.
             The game lasted 00:06:34 (1148 turns).

4thArraOfDagon the Insei (Demonspawn Chaos Knight)  Turns: 1148, Time: 00:06:36

Health: -1/41      AC:  7    Str: 12    XL:     5   Next: 75%
Magic:  5/5        EV: 12    Int: 14    God:    Xom [...*..]
Gold:   95         SH:  0    Dex: 13    Spells: 4/4 levels left

rFire    . . .     SeeInvis .     - Unarmed
rCold    . . .     Gourm    .   a - +2 leather armour
rNeg     . . .     Faith    .   (no shield)
rPois    .         Spirit   .   (helmet restricted)
rElec    .         Reflect  .   (no cloak)
rCorr    +         Harm     +   (no gloves)
MR       .....                  (no boots)
Stlth    +.........             l - amulet of harm
Regen    0.2/turn               (no ring)
MPRegen  0.1/turn               c - ring of resist corrosion

@: confused, flying
A: antennae 1, slimy green scales 1
a: Renounce Religion


You were on level 5 of the Dungeon.
You worshipped Xom.
You were a favourite toy of Xom.
You were not hungry.

You visited 1 branch of the dungeon, and saw 5 of its levels.

You collected 95 gold pieces.

Inventory:

Armour
 a - a +2 leather armour (worn)
 e - a +0 scale mail
Jewellery
 c - a ring of resist corrosion (left hand)
 l - an amulet of harm (around neck)
Scrolls
 g - 2 scrolls of identify {unknown}
 h - a scroll of remove curse {unknown}
 j - 3 scrolls of teleportation {unknown}
 m - a scroll of magic mapping {unknown}
 o - a scroll of random uselessness {unknown}
Potions
 n - 2 potions of curing
 q - 2 potions of mutation {unknown}
Comestibles
 b - 3 bread rations
 d - 9 fruits
 i - a chunk of flesh


   Skills:
 - Level 3.0 Fighting
 + Level 3.1 Armour
 + Level 2.5 Dodging
 * Level 4.6 Unarmed Combat


You had 4 spell levels left.
You didn't know any spells.

Dungeon Overview and Level Annotations

Branches:
Dungeon (5/15)
 Temple: D:4-7

Altars:
Cheibriados
Wu Jian

Annotations:
D:4 Dowan, Duvessa


Innate Abilities, Weirdness & Mutations

You have a pair of small antennae on your head.
You are partially covered in slimy green scales. (AC +2)


Message History

Xom's power touches on a nearby monster.
The ogre evaporates and reforms as a wyvern!
It was a potion of flight.
You feel very buoyant.
You fly up into the air.
Xom thinks this is hilarious! "Serve the toy, my child!"
The wyvern barely misses you.
It was a potion of ambrosia.
You are confused.
You feel invigorated.
Xom roars with laughter!
The wyvern barely misses you. The wyvern bites you!
* * * LOW HITPOINT WARNING * * *
Unknown command.
Unknown command.
Are you sure you want to stumble around while confused and next to your quasit?
You bump into the rock wall.
The wyvern bites you!
You die...
Xom howls with laughter!

#### #...##### ####
#5@l..##########...
#####.).((.....†.#.
############...
##.# ##.# #... #..#
#..# # #..#


You could see a wyvern and a friendly quasit.

Vanquished Creatures
  An ogre (D:4)
  A bullfrog zombie (D:5)
  An orc wizard (D:3)
  3 adders (D:3)
  An adder skeleton (D:4)
  3 worms
  A dart slug (D:3)
  7 orcs
  3 bats
  2 goblins
  7 hobgoblins
  5 jackals (D:3)
  4 quokkas
  A ball python (D:3)
  A frilled lizard (D:2)
  2 kobolds
  4 rats (D:3)
47 creatures vanquished.

Vanquished Creatures (collateral kills)
  The ghost of 4thArraOfDagon the Insei, an amateur DsCK of Xom (D:3)
  A ball python (D:5)
  A jackal (D:3)
3 creatures vanquished.

Grand Total: 50 creatures vanquished

Notes
Turn   | Place    | Note
-------+----------+-------------------------------------------
     0 | D:1      | 4thArraOfDagon the Demonspawn Chaos Knight began the quest for the Orb.
     0 | D:1      | Reached XP level 1. HP: 18/18 MP: 1/1
    39 | D:3      | Reached skill level 1 in Dodging
    73 | D:3      | Reached skill level 3 in Unarmed Combat
   117 | D:3      | Gained mutation: You are partially covered in slimy green scales. (AC +2) [demonic ancestry]
   117 | D:3      | Reached XP level 2. HP: 11/24 MP: 2/2
   139 | D:3      | XOM: potion effect (agility)
   142 | D:3      | XOM: divination: detect creatures
   154 | D:3      | XOM: harmless Tloc miscast
   160 | D:3      | Gained mutation: You have a pair of small antennae on your head. [demonic ancestry]
   160 | D:3      | Reached XP level 3. HP: 13/29 MP: 3/3
   180 | D:3      | XOM: divination: detect creatures
   233 | D:3      | XOM: enchant monster (bad)
   288 | D:2      | Found a snail-covered altar of Cheibriados.
   350 | D:1      | Reached XP level 4. HP: 35/35 MP: 4/4
   501 | D:3      | Found an ornate altar of the Wu Jian Council.
   588 | D:2      | XOM: chaos cloud
   594 | D:2      | Paralysed by you for 4 turns
   692 | D:3      | Noticed 4thArraOfDagon's ghost (amateur DsCK)
   697 | D:3      | XOM: confuse monster(s)
   716 | D:3      | Reached skill level 4 in Unarmed Combat
   831 | D:3      | XOM: summons 4 friendly demons
   837 | D:3      | Killed 4thArraOfDagon's ghost
   837 | D:3      | Reached XP level 5. HP: 32/41 MP: 5/5
   897 | D:5      | Entered Level 5 of the Dungeon
   945 | D:4      | Noticed an ogre
   945 | D:4      | Noticed a two-headed ogre
   951 | D:4      | XOM: confuse monster(s)
   951 | D:4      | Killed an ogre
   968 | D:4      | XOM: harmless Summ miscast
   995 | D:4      | XOM: cast spell 'Summon Ice Beast'
  1006 | D:4      | XOM: confuse monster(s)
  1036 | D:4      | XOM: 8-stop teleportation journey
  1054 | D:4      | Noticed Dowan
  1055 | D:4      | Noticed Duvessa
  1075 | D:5      | Noticed an ogre
  1111 | D:5      | XOM: cast spell 'Call Canine Familiar'
  1112 | D:5      | XOM: enchant monster (good)
  1144 | D:5      | Noticed a wyvern
  1144 | D:5      | an ogre changed into a wyvern
  1144 | D:5      | XOM: polymorph ogre -> wyvern
  1146 | D:5      | XOM: summons friendly quasit
  1148 | D:5      | Slain by a wyvern

Vault maps used:
D:1:      dpeg_arrival_radiant
D:2:      gammafunk_temple_overflow_elements, cheibriados_altar_1, first_bread,
          minmay_pentomino_s2, uniq_crazy_yiuf_cottage
D:3:      lemuel_round_altar
D:4:      uniq_duvessa
D:5:      cheibrodos_ashenzari_chains, yredelemnul_forgotten_temple_becter,
          serial_shops, kennysheep_mini, nicolae_underground_beach

Skill      XL: |  1  2  3  4  5 |
---------------+----------------+-----
Dodging        | 1 2 |  2.5
Armour         | 2 3 |  3.1
Unarmed Combat | 3 4 |  4.6
Fighting       | |  3.0

Action                   |  1- 3 |  4- 6 || total
-------------------------+-------+-------++-------
Melee: Unarmed           |   132 |   128 ||   260
       Punch             |       |     1 ||     1
Throw: Tomahawk          |       |     8 ||     8
  Use: Potion            |     3 |     2 ||     5
 Stab: Sleeping          |     1 |       ||     1
       Distracted        |       |     1 ||     1
       Confused          |       |     2 ||     2
  Eat: Royal jelly       |       |     1 ||     1
Armor: Leather armour    |    42 |    37 ||    79
Dodge: Dodged            |    73 |    62 ||   135
